 Dungeon Crawl Stone Soup version 0.28.0-43-g3370ac3207 (webtiles) character file.

Game seed: 8166127201101226903

67 terff the Skirmisher (level 4, -1/35 HPs)
             Began as a Human Fighter on Mar 24, 2022.
             Slain by Sigmund
             ... wielding a +0 scythe of distortion
              (6 damage)
             ... on level 2 of the Dungeon.
             The game lasted 00:02:41 (1811 turns).

terff the Skirmisher (Human Fighter)                Turns: 1811, Time: 00:02:42

Health: -1/35      AC:  6    Str: 17    XL:     4   Next: 40%
Magic:  4/4        EV:  9    Int:  8    God:
Gold:   81         SH:  5    Dex: 14    Spells: 3/3 levels left

rFire   . . .      SeeInvis .   a - +0 long sword
rCold   . . .      Faith    .   c - +0 buckler
rNeg    . . .      Spirit   .   b - +0 scale mail
rPois   .          Reflect  .   (no helmet)
rElec   .          Harm     .   (no cloak)
rCorr   .          Rampage  .   (no gloves)
Will    .....                   (no boots)
Stlth   ..........              (no amulet)
HPRegen 0.11/turn               (no ring)
MPRegen 0.09/turn               (no ring)

@: no status effects
A: no striking features
a: no special abilities


You were on level 2 of the Dungeon.
You visited 1 branch of the dungeon, and saw 2 of its levels.

You collected 81 gold pieces.

Inventory:

Hand Weapons
 a - a +0 long sword (weapon)
Armour
 b - a +0 scale mail (worn)
 c - a +0 buckler (worn)
Scrolls
 f - a scroll of identify {unknown}
Potions
 d - a potion of might
 e - a potion of haste {unknown}


   Skills:
 + Level 3.5 Fighting
 + Level 2.6 Long Blades
 + Level 3.3 Armour
 * Level 1.0 Dodging
 + Level 3.5 Shields


You had 3 spell levels left.
You didn't know any spells.
Your spell library was empty.

Dungeon Overview and Level Annotations

Branches:
Dungeon (2/15)

Altars:

Annotations:
D:2 Sigmund


Message History

Sigmund hits you from afar with a +0 scythe of distortion!
You escape the ball python's grasp.
You blink.
There is an escape hatch in the ceiling here.
The ball python bites you but does no damage.
The ball python grabs you. The ball python constricts you.
The ball python bites you but does no damage.
The ball python constricts you.
You closely miss the ball python.
The ball python bites you but does no damage.
The ball python constricts you.
You hit the ball python.
You kill the ball python!
Sigmund hits you from afar with a +0 scythe of distortion!
Space warps around you.
There is an escape hatch in the ceiling here.
A mysterious force pulls you upwards. The hatch slams shut behind you.
You start resting.
HP restored.
There is an escape hatch in the floor here.
You slide downwards.
The hatch slams shut behind you.
Level annotation: Sigmund
Found a stone staircase leading up.
A kobold comes into view. It is wielding a +0 short sword.
There is a stone staircase leading down here.
There is an escape hatch in the ceiling here.
You see here a ball python skeleton.
Sigmund shouts!
Sigmund hits you from afar with a +0 scythe of distortion.
Space warps horribly around you!!
Ouch! That really hurt!
* * * LOW HITPOINT WARNING * * *
Sigmund points at you and mumbles some strange words.
You resist with some effort.
You closely miss Sigmund. Sigmund barely misses you.
You slash Sigmund!
Sigmund is moderately wounded.
Sigmund hits you with a +0 scythe of distortion.
* * * LOW HITPOINT WARNING * * *
Space warps around you.
You die...

#.#......#.# K
#.#...#..#.# #.#......#S#
#.##.##..#.# ........>#.#
#.###.##.#.# ......##.#.#
##.#####.#.###############
...# #.#.....@@.##..<..#
#### #.########.##.##### #
#.# #.<.รท...#.# # #.#
#.####))#.# # #.###.#
#....# # #.....# #.####
#################.#
..................#
###################


You could see Sigmund.

Vanquished Creatures
  2 adders (D:2)
  A worm (D:2)
  4 dart slugs
  2 ball pythons
  2 bats
  4 endoplasms (D:1)
  4 giant cockroaches (D:1)
  5 goblins
  5 hobgoblins (D:1)
  2 quokkas (D:1)
  4 kobolds (D:1)
35 creatures vanquished.

Notes
Turn   | Place    | Note
-------+----------+-------------------------------------------
     0 | D:1      | terff the Human Fighter began the quest for the Orb.
     0 | D:1      | Reached XP level 1. HP: 18/18 MP: 1/1
   142 | D:1      | Reached XP level 2. HP: 24/24 MP: 2/2
   515 | D:1      | Reached XP level 3. HP: 29/29 MP: 3/3
   958 | D:2      | Reached XP level 4. HP: 27/35 MP: 4/4
  1058 | D:2      | Noticed Sigmund
  1193 | D:2      | Reached skill level 1 in Dodging
  1437 | D:2      | Found a faded altar of an unknown god.
  1811 | D:2      | Slain by Sigmund

Illustrated notes

Levels and vault maps discovered:
D:1:      scummos_arrival_hexagon, layout_loops_cross
D:2:      layout_basic, basic_ecumenical_altar, serial_bayou_crossing,
          uniq_sigmund, uniq_jessica

Skill      XL: |  1  2  3  4 |
---------------+-------------+-----
Dodging        | 1 |  1.0
Fighting       | |  3.5
Long Blades    | |  2.6
Armour         | |  3.3
Shields        | |  3.5

Action                   |  1- 3 |  4- 6 || total
-------------------------+-------+-------++-------
Melee: Long sword        |    80 |    31 ||   111
Armor: Scale mail        |    33 |    25 ||    58
Dodge: Dodged            |    35 |    19 ||    54
Block: Buckler           |    23 |     9 ||    32
